 Dungeon Crawl Stone Soup version 0.21-a0-509-gecc5317 (webtiles) character file.

1659 Dawnplanks the Basher (level 8, -3/118 HPs)
             Began as a Troll Chaos Knight on Nov 29, 2017.
             Slain by a white imp (4 damage)
             ... summoned by Xom
             ... on level 6 of the Dungeon.
             The game lasted 00:31:46 (6091 turns).

Dawnplanks the Basher (Troll Chaos Knight)          Turns: 6091, Time: 00:31:49

Health: -3/118     AC: -13   Str: 32    XL:     8   Next: 68%
Magic:  6/6        EV: 12    Int:  8    God:    Xom [.*....]
Gold:   405        SH:  0    Dex:  5    Spells: 7/7 levels left

rFire    . . .     SeeInvis .   B - +7 mace (chaos)
rCold    . . .     Gourm    +   (no shield)
rNeg     . . .     Faith    .   b - +2 robe
rPois    .         Spirit   .   (helmet restricted)
rElec    .         Reflect  .   f - +0 cloak
rCorr    .         Harm     .   (gloves unavailable)
MR       .....                  (boots unavailable)
Stlth    ..........             g - amulet of rage
HPRegen  0.69/turn              j - +4 ring of strength
MPRegen  0.10/turn              x - +2 ring of evasion

@: berserking, corroded, very quick
A: large, unfitting armour, claws 3, blurry vision 2, clumsy 2, deformed body,
fast metabolism 3, gourmand, low mp 1, regeneration 1, shaggy fur 1, tough skin
2
a: Renounce Religion, Evoke Berserk Rage


You were on level 6 of the Dungeon.
You worshipped Xom.
You were a plaything of Xom.
You were very full.

You visited 1 branch of the dungeon, and saw 6 of its levels.
You also visited: Sewer.

You collected 405 gold pieces.

Inventory:

Hand Weapons
 a - a +0 mace of chaos
 B - a +7 mace of chaos (weapon)
Missiles
 k - a throwing net (quivered)
Armour
 b - a +2 robe (worn)
 f - a +0 cloak (worn)
Jewellery
 g - an amulet of rage (around neck)
 j - a +4 ring of strength (left claw)
 u - an uncursed ring of teleportation
 x - a +2 ring of evasion (right claw)
Wands
 w - a wand of random effects (50)
 C - a wand of paralysis (12)
Scrolls
 d - 4 scrolls of remove curse
 e - 3 scrolls of random uselessness {unknown}
 h - a scroll of magic mapping
 l - a scroll of immolation
 m - 2 scrolls of amnesia
 n - 2 scrolls of teleportation
 p - 2 scrolls of fear
 s - a scroll of fog
 y - 2 scrolls of identify
 D - a scroll of silence {unknown}
Potions
 i - 2 potions of might
 o - a potion of haste
 r - 2 potions of degeneration
 t - a potion of magic
 v - 2 potions of invisibility {unknown}
 z - 3 potions of cancellation
 A - 4 potions of flight {unknown}
 E - a potion of lignification {unknown}
Comestibles
 c - 4 bread rations
 q - a royal jelly


   Skills:
 * Level 4.9 Fighting
 * Level 8.3 Maces & Flails
 + Level 4.3 Dodging
 + Level 0.8 Evocations


You had 7 spell levels left.
You didn't know any spells.

Dungeon Overview and Level Annotations

Branches:
Dungeon (6/15)
 Temple: D:4-7

Altars:
Dithmenos
Kikubaaqudgha
Nemelex Xobeh
Okawaru
Trog
Uskayaw
Wu Jian


Innate Abilities, Weirdness & Mutations

You are too large for most types of armour.
You have claws for hands.
Your metabolism is lightning-fast.
You like to eat raw meat.
Your natural rate of healing is unusually fast.
You are covered in fur. (AC +1)
You have very tough skin. (AC +2)
Scrolls take you longer to read.
You are very clumsy. (Dex -4)
Armour fits poorly on your strangely shaped body.
Your magical capacity is low. (-10% MP)


Message History

* * * LOW HITPOINT WARNING * * *
The rust devil hits you.
* * * LOW HITPOINT WARNING * * *
The rust devil corrodes you! The white imp hits you.
* * * LOW HITPOINT WARNING * * *
The white imp freezes you.
* * * LOW HITPOINT WARNING * * *
You hit the rust devil but do no damage.
The rust devil suddenly stops moving!
The rust devil is heavily wounded. "Let me alter your body."
Your body is suffused with distortional energy.
Your vision blurs.
You are now a plaything of Xom.
The ufetubus hits you.
* * * LOW HITPOINT WARNING * * *
The ufetubus barely misses you. The white imp hits you.
* * * LOW HITPOINT WARNING * * *
The white imp freezes you.
You die...

#.# ###...### .##
#.# #.....### #..#
#.## #.###...##..#
###..####.##
###.....#
..........# ##.##.#
####......# ##.#
###.......# #..#
#.........######..#
..#..#........W5@4#
###.###........5.5.#
# ..#
#...ยง###......# ..#
.... ##.......#
#..## .#. #.....###
... #.....# ...
......# .### .......
..


You could see a rust devil (paralysed), a phantom, 2 white imps and an ufetubus.

Vanquished Creatures
  Edmund (D:4)
  A soldier ant (D:5)
  Duvessa (D:4)
  An ogre (D:5)
  A sky beast (D:5)
  2 big kobolds (D:5)
  Dowan (D:4)
  3 wights (D:4)
  A crimson imp (D:6)
  A jelly (D:5)
  A hound (D:4)
  2 orc priests
  8 orc wizards
  A worker ant (D:5)
  A killer bee zombie (D:4)
  5 adders
  11 gnolls
  6 oozes
  An adder skeleton (D:4)
  11 worms
  8 leopard geckos
  18 orcs
  10 giant cockroaches
  30 goblins
  22 hobgoblins
  7 jackals
  14 kobolds
  5 quokkas
  2 ball pythons
  15 bats
  5 frilled lizards
  A quokka skeleton (D:5)
  7 rats
204 creatures vanquished.

Notes
Turn   | Place    | Note
-------+----------+-------------------------------------------
     0 | D:1      | Dawnplanks the Troll Chaos Knight began the quest for the Orb.
     0 | D:1      | Reached XP level 1. HP: 22/22 MP: 0/0
   119 | D:1      | Reached skill level 3 in Maces & Flails
   119 | D:1      | Reached XP level 2. HP: 29/29 MP: 1/1
   307 | D:1      | XOM: silly message
   558 | D:1      | XOM: silly message
   604 | D:1      | XOM: divination: detect creatures
   801 | D:1      | XOM: silly message
   965 | D:2      | Reached XP level 3. HP: 32/36 MP: 2/2
  1090 | D:2      | Found a faded altar of an unknown god.
  1166 | D:2      | Reached skill level 4 in Maces & Flails
  1166 | D:2      | Reached XP level 4. HP: 44/45 MP: 3/3
  1217 | D:2      | Found a bloodstained altar of Trog.
  1434 | D:2      | XOM: cloud trail
  1701 | D:2      | XOM: mild Chrm miscast
  1887 | D:2      | XOM: divination: detect creatures
  2061 | D:3      | Found an ornate altar of the Wu Jian Council.
  2171 | D:3      | Found an ancient bone altar of Kikubaaqudgha.
  2491 | D:3      | XOM: harmless Tloc miscast
  2520 | D:3      | XOM: smoke on damage
  2560 | D:3      | Reached XP level 5. HP: 50/53 MP: 4/4
  2604 | D:3      | XOM: god gift: scroll labeled YLALAFR OSKOBE {god gift}
  2776 | D:4      | Noticed Duvessa
  2776 | D:4      | Noticed Dowan
  2787 | D:4      | Killed Duvessa
  2787 | D:4      | Reached skill level 5 in Maces & Flails
  2787 | D:4      | Reached XP level 6. HP: 61/61 MP: 5/5
  2796 | D:4      | Killed Dowan
  2858 | D:4      | Noticed Edmund
  2868 | D:4      | XOM: divination: detect items
  2872 | D:4      | Killed Edmund
  2887 | D:4      | HP: 3/61 [poisoned by Edmund]
  3060 | D:4      | Reached skill level 6 in Maces & Flails
  3060 | D:4      | Reached XP level 7. HP: 52/68 MP: 6/6
  3064 | D:4      | XOM: blink monster(s)
  3071 | D:4      | XOM: chaos upgrade
  3075 | D:4      | XOM: noise
  3100 | D:4      | XOM: summons 2 hostile shadow creatures
  3106 | D:4      | XOM: confusion
  3112 | D:4      | HP: 3/68 [hound (6)]
  3121 | D:4      | HP: 2/68 [leopard gecko[Xom] (5)]
  3191 | D:4      | XOM: give mutations
  3191 | D:4      | Gained mutation: Armour fits poorly on your strangely shaped body. [Xom's mischief]
  3191 | D:4      | Gained mutation: Scrolls take you a little longer to read. [Xom's mischief]
  3191 | D:4      | Gained mutation: Your magical capacity is low. (-10% MP) [Xom's mischief]
  3199 | D:4      | XOM: 1-stop teleportation journey
  3343 | D:4      | XOM: give mutations
  3343 | D:4      | Gained mutation: You are clumsy. (Dex -2) [Xom's mischief]
  3343 | D:4      | Gained mutation: You are very clumsy. (Dex -4) [Xom's mischief]
  3348 | D:4      | Found a glowing drain.
  3372 | Sewer    | Entered a sewer
  3373 | Sewer    | XOM: enchant monster (bad)
  3726 | Sewer    | XOM: silly message
  4271 | D:4      | Found a shadowy altar of Dithmenos.
  4537 | D:4      | Found a hide-covered altar of Uskayaw.
  4587 | D:4      | Found an iron altar of Okawaru.
  4672 | D:5      | Entered Level 5 of the Dungeon
  4674 | D:5      | XOM: 4-stop teleportation journey
  4758 | D:5      | XOM: harmless Ice miscast
  4960 | D:5      | Reached skill level 7 in Maces & Flails
  4960 | D:5      | Reached XP level 8. HP: 47/78 MP: 6/6
  5061 | D:5      | XOM: 1-stop teleportation journey
  5091 | D:5      | XOM: smoke on damage
  5401 | D:5      | Noticed Eustachio
  5408 | D:5      | Noticed Eustachio
  5408 | D:5      | Eustachio changed into Eustachio the soldier ant
  5410 | D:5      | Killed Eustachio the soldier ant
  5472 | D:5      | Reached skill level 8 in Maces & Flails
  5500 | D:5      | Found a sparkling altar of Nemelex Xobeh.
  5806 | D:5      | XOM: medium Conj miscast
  5841 | D:5      | XOM: harmless Pois miscast
  6077 | D:6      | XOM: summons 4 hostile demons
  6078 | D:6      | Noticed a rust devil
  6090 | D:6      | HP: 2/118 [white imp[Xom] (4)]
  6091 | D:6      | XOM: give mutation
  6091 | D:6      | Gained mutation: Scrolls take you longer to read. [Xom's mischief]
  6091 | D:6      | Slain by a white imp

Vault maps used:
D:1:      nicolae_arrival_washed_ashore, serial_bayou, serial_bayou_pond_a,
          serial_bayou_pond_c, serial_bayou_pond_d, serial_bayou_pond_a
D:2:      lemuel_doored_altar, chequers_ecumenical_altar_simple, serial_forest,
          infiniplex_forest_lined_2, infiniplex_forest_clump_small,
          infiniplex_forest_corner_1, infiniplex_forest_zigzag_1,
          infiniplex_forest_lined_corner, infiniplex_forest_clump_long,
          infiniplex_forest_straight_2, infiniplex_forest_clump_curved,
          infiniplex_forest_end_1
D:3:      minmay_diamond_boxcup, old_standard_altar,
          nicolae_overflow_crystal_walls, grunt_ministairs_6,
          hangedman_decor_diamond_cutter
D:4:      nicolae_dithmenos_the_darkroom, gammafunk_temple_overflow_statue,
          gup_sewer_entry_pipe, uniq_duvessa, uniq_edmund
D:5:      minmay_goblin_kobold_castle, basic_altar, first_bread, uniq_eustachio
D:6:      marbit_many_paths, overflow_temple_1_default, temple_hall
Sewer:    sewer_fruit_machine

Skill      XL: |  1  2  3  4  5  6  7  8 |
---------------+-------------------------+-----
Dodging        | 2 3 4 |  4.3
Maces & Flails | 3 4 5 6 7 8 |  8.3
Fighting       | 3 4 |  4.9
Evocations     | |  0.8

Action                   |  1- 3 |  4- 6 |  7- 9 || total
-------------------------+-------+-------+-------++-------
Melee: Mace              |   103 |   179 |   394 ||   676
 Abil: Evoke Berserk Rag |     1 |     2 |     4 ||     7
  Use: Scroll            |       |     2 |    10 ||    12
 Stab: Sleeping          |     1 |       |     1 ||     2
       Distracted        |     1 |       |       ||     1
       Paralysed         |       |     1 |     1 ||     2
       Petrified         |       |       |     1 ||     1
  Eat: Chunk             |     6 |    26 |    33 ||    65
       Bread ration      |     1 |       |       ||     1
Armor: Robe              |    40 |    79 |   243 ||   362
Dodge: Dodged            |    60 |    88 |   479 ||   627

Table legend:
 A = Spawn XP
 B = Non-spawn XP
 C = Spawn XP percentage of total XP
 D = Spawn monster count
 E = Non-spawn monster count
 F = Spawn count percentage of total count
 G = Total turns spent on level
                    A         B        C        D         E        F      G
               +---------+---------+-------+---------+---------+-------+---------
         Total |       0 |    2371 |   0.0 |       0 |     204 |   0.0 |  6091
               +---------+---------+-------+---------+---------+-------+---------
           D:1 |       0 |      25 |   0.0 |       0 |      16 |   0.0 |   835
           D:2 |       0 |      95 |   0.0 |       0 |      23 |   0.0 |  1101
           D:3 |       0 |     114 |   0.0 |       0 |      31 |   0.0 |   840
           D:4 |       0 |     763 |   0.0 |       0 |      25 |   0.0 |  1021
           D:5 |       0 |    1235 |   0.0 |       0 |      81 |   0.0 |  1323
           D:6 |       0 |      48 |   0.0 |       0 |       1 |   0.0 |    96
         Sewer |       0 |      91 |   0.0 |       0 |      27 |   0.0 |   875
               +---------+---------+-------+---------+---------+-------+---------
